 Dungeon Crawl Stone Soup version 0.24-a0-91-g4e4936a (webtiles) character file.

Game seed: 2453285302159211260

5992 Dantiko the Fighter (level 10, -6/97 HPs)
             Began as a Hill Orc Fighter on Feb 8, 2019.
             Was a Believer of Elyvilon.
             Mangled by a two-headed ogre
             ... wielding a +0 giant club
              (11 damage)
             ... on level 8 of the Dungeon.
             The game lasted 00:22:51 (8238 turns).

Dantiko the Fighter (Hill Orc Fighter)              Turns: 8238, Time: 00:22:51

Health: -6/97      AC: 13    Str: 23    XL:     10   Next: 85%
Magic:  18/18      EV:  4    Int:  8    God:    Elyvilon [**....]
Gold:   383        SH:  9    Dex: 10    Spells: 9/9 levels left

rFire    . . .     SeeInvis .   a - +0 war axe
rCold    . . .     Gourm    .   c - +0 shield
rNeg     . . .     Faith    .   v - +0 plate armour
rPois    +         Spirit   .   (no helmet)
rElec    .         Reflect  .   (no cloak)
rCorr    .         Harm     .   i - +1 pair of gloves
MR       .....                  (no boots)
Stlth    ..........             y - amulet of magic regeneration
HPRegen  0.26/turn              o - ring of poison resistance
MPRegen  0.41/turn              G - ring of stealth

@: no status effects
A: no striking features
a: Lesser Healing, Heal Other, Divine Protection, Renounce Religion


You were on level 8 of the Dungeon.
You worshipped Elyvilon.
Elyvilon was pleased with you.
You were not hungry.

You visited 2 branches of the dungeon, and saw 9 of its levels.
You also visited: Sewer and Ossuary.

You collected 428 gold pieces.
You spent 45 gold pieces at shops.

Inventory:

Hand Weapons
 a - a +0 war axe (weapon)
 b - a +0 hunting sling
 H - a cursed -1 hunting sling
Missiles
 g - 86 stones (quivered)
Armour
 c - a +0 shield (worn)
 i - a +1 pair of gloves (worn)
 v - a +0 plate armour (worn)
Jewellery
 o - a ring of poison resistance (left hand)
 r - an uncursed ring of protection from fire {unknown}
 y - an amulet of magic regeneration (around neck)
 G - a ring of stealth (right hand)
Wands
 m - a wand of polymorph (6)
 E - a wand of disintegration (11)
 I - a wand of iceblast (4)
Scrolls
 h - 6 scrolls of remove curse
 j - 6 scrolls of teleportation
 l - 3 scrolls of immolation
 n - a scroll of acquirement
 p - 2 scrolls of amnesia
 t - 2 scrolls of fog
 x - a scroll of identify
 D - a scroll of enchant weapon {unknown}
 F - 4 scrolls of magic mapping {unknown}
Potions
 d - a potion of might
 e - a potion of mutation
 k - 6 potions of heal wounds
 q - 2 potions of flight
 s - 6 potions of lignification
 u - 3 potions of ambrosia {unknown}
 w - 6 potions of curing {unknown}
 z - 3 potions of brilliance {unknown}
 A - a potion of haste {unknown}
 B - a potion of agility {unknown}
 C - 3 potions of cancellation {unknown}
Comestibles
 f - 16 rations
 J - a chunk of flesh


   Skills:
 - Level 12.1 Fighting
 + Level 12.1 Axes
 - Level 3.2 Armour
 - Level 3.2 Shields
 - Level 10.8 Invocations


You had 9 spell levels left.
You didn't know any spells.
Your spell library contained the following spells:

 Spells                   Type           Power        Failure   Level  Hunger
 Corona                   Hex            #......      100%        1    ##.....
 Ensorcelled Hibernation  Hex/Ice        #.....       100%        2    ###....
 Slow                     Hex            #.......     100%        2    ###....
 Confuse                  Hex            #.......     100%        3    ####...
 Dazzling Spray           Conj/Hex       #.....       100%        3    ####...
 Inner Flame              Hex/Fire       #.......     100%        3    ####...
 Portal Projectile        Hex/Tloc       #.....       100%        3    ####...
 Tukima's Dance           Hex            #.......     100%        3    ####...
 Cause Fear               Hex            #.........   100%        4    #####..
 Leda's Liquefaction      Hex/Erth       #.........   100%        4    #####..


Dungeon Overview and Level Annotations

Branches:
Dungeon (8/15)             Temple (1/1) D:4            Lair (0/6) D:8

Altars:
Ashenzari
Cheibriados
Dithmenos
Elyvilon
Fedhas
Gozag
Hepliaklqana
Kikubaaqudgha
Makhleb
Nemelex Xobeh
Okawaru
Qazlal
Ru
Sif Muna
Trog
Uskayaw
Vehumet
Wu Jian
Yredelemnul
Zin
The Shining One

Shops:
D:4 (}=:   D:5 (


Message History

The two-headed ogre is almost dead.
The two-headed ogre hits you with a +0 giant club!
You block the two-headed ogre's attack.
Your shield prevents you from hitting the two-headed ogre.
The two-headed ogre is severely wounded.
You hit the two-headed ogre.
The two-headed ogre is almost dead.
The two-headed ogre hits you with a +0 giant club!
You block the two-headed ogre's attack.
You barely miss the two-headed ogre.
The two-headed ogre is almost dead.
The two-headed ogre hits you with a +0 giant club!
* * * LOW HITPOINT WARNING * * *
You block the two-headed ogre's attack.
You hit the two-headed ogre.
The two-headed ogre is almost dead.
The two-headed ogre hits you with a +0 giant club!!
* * * LOW HITPOINT WARNING * * *
The two-headed ogre hits you with a +0 giant club!
You die...

#########.#...
#######..<.......##.
#...֠..########.##.
##.####### #.###
#........# #.#
#..#####.# #.# #..##
#.# #...####.### #..
#...@O...... #..
#..###.#.##. ..##
.....# # ....
#.....# ..## #.###..
... #. #.. .## # #.
..


You could see a two-headed ogre.

Vanquished Creatures
  3 death yaks
  Pikel (D:8)
  A hippogriff (D:6)
  6 yaks
  Menkaure (D:4)
  2 porcupines (D:8)
  An orc warrior (D:5)
  A slave (D:8)
  An ice beast (D:7)
  An ogre (D:6)
  3 centaurs
  A big kobold (D:7)
  5 bullfrogs
  2 scorpions
  An electric eel (D:8)
  6 bullfrog zombies
  A centaur zombie (Ossuary)
  4 hounds
  5 orc priests
  A jelly (D:7)
  4 orc wizards
  An iguana (D:5)
  2 worker ants
  A killer bee zombie (Ossuary)
  3 hound zombies (Ossuary)
  A hound skeleton (D:4)
  14 mummies (Ossuary)
  A howler monkey zombie (Ossuary)
  5 worker ant zombies
  8 adders
  A river rat (D:8)
  A shadow imp (D:7)
  2 adder skeletons
  2 adder zombies
  A worm (D:3)
  2 dart slugs (D:2)
  9 leopard geckos
  20 orcs
  6 ball pythons
  11 giant cockroaches
  11 hobgoblins
  20 jackals
  5 quokkas
  3 bats
  6 frilled lizards
  2 giant cockroach zombies
  11 goblins
  A jackal zombie (Ossuary)
  6 kobolds
  A leopard gecko skeleton (D:8)
  A quokka skeleton (D:6)
  2 quokka zombies
  9 rats
  A withered plant (Ossuary)
221 creatures vanquished.

Vanquished Creatures (others)
  A goblin (D:8)
  A quokka zombie (D:8)
  3 withered plants (Ossuary)
5 creatures vanquished.

Grand Total: 226 creatures vanquished

Notes
Turn   | Place    | Note
-------+----------+-------------------------------------------
     0 | D:1      | Dantiko the Hill Orc Fighter began the quest for the Orb.
     0 | D:1      | Reached XP level 1. HP: 19/19 MP: 1/1
    66 | D:1      | Reached XP level 2. HP: 21/27 MP: 2/2
   260 | D:1      | Reached XP level 3. HP: 28/33 MP: 3/3
   295 | D:1      | You fall through a shaft!
   983 | D:2      | Reached skill level 5 in Fighting
  1090 | D:2      | Reached XP level 4. HP: 42/42 MP: 4/4
  1345 | D:3      | Found a bloodstained altar of Trog.
  1347 | D:3      | Found a glowing silver altar of Zin.
  1349 | D:3      | Found an ancient bone altar of Kikubaaqudgha.
  1786 | D:3      | Found a glowing drain.
  1807 | Sewer    | Entered a sewer
  2008 | Sewer    | Noticed a bullfrog
  2008 | Sewer    | Noticed a bullfrog
  2017 | Sewer    | Killed a bullfrog
  2017 | Sewer    | Reached skill level 5 in Axes
  2017 | Sewer    | Reached XP level 5. HP: 44/50 MP: 5/5
  2021 | Sewer    | Reached XP level 6. HP: 48/57 MP: 6/6
  2246 | D:4      | Found a staircase to the Ecumenical Temple.
  2253 | Temple   | Entered the Ecumenical Temple
  2320 | Temple   | Became a worshipper of the Shining One
  2348 | D:4      | Found an iron altar of Okawaru.
  2380 | D:4      | Found a sand-covered staircase.
  2396 | Ossuary  | Entered an ossuary
  2486 | Ossuary  | Reached * piety under the Shining One
  2489 | Ossuary  | Reached XP level 7. HP: 28/63 MP: 7/7
  2935 | Ossuary  | Reached ** piety under the Shining One
  3017 | Ossuary  | Reached skill level 10 in Axes
  3115 | D:4      | Found Gigi's Book Shoppe.
  3235 | D:4      | Noticed Menkaure
  3240 | D:4      | Killed Menkaure
  3240 | D:4      | Reached XP level 8. HP: 65/71 MP: 8/8
  3273 | D:4      | Found Lyhiq's Gadget Shop.
  3304 | D:4      | Found Zouz's Jewellery Emporium.
  3344 | D:4      | Bought a cursed ring of attention for 45 gold pieces
  3571 | D:4      | Found Relophi's Antique Weapon Shoppe.
  3918 | D:5      | Entered Level 5 of the Dungeon
  4108 | D:5      | Reached *** piety under the Shining One
  4112 | D:5      | Found Cuphuv's Weapon Boutique.
  4214 | D:5      | Found a snail-covered altar of Cheibriados.
  4235 | D:5      | Found a basalt altar of Yredelemnul.
  4687 | D:5      | The Shining One protects you from harm!
  5025 | D:6      | Identified a scroll of acquirement
  5151 | D:6      | Noticed a hippogriff
  5160 | D:6      | Killed a hippogriff
  5160 | D:6      | Reached XP level 9. HP: 72/83 MP: 9/9
  5199 | D:6      | Found a radiant altar of Vehumet.
  5539 | D:7      | Reached skill level 10 in Fighting
  5546 | D:7      | Reached skill level 1 in Invocations
  5845 | D:7      | Found a basalt altar of Yredelemnul.
  6189 | D:8      | Reached skill level 5 in Invocations
  6200 | D:8      | Noticed a death yak
  6201 | D:8      | Noticed a death yak
  6205 | D:8      | Noticed a death yak
  6228 | D:8      | Killed a death yak
  6228 | D:8      | Reached XP level 10. HP: 32/93 MP: 14/17
  6565 | D:7      | Killed a death yak
  6565 | D:7      | Reached skill level 10 in Invocations
  7168 | D:7      | Killed a death yak
  7460 | D:8      | Found a staircase to the Lair.
  7491 | D:8      | Noticed Pikel
  7509 | D:8      | Killed Pikel
  7524 | D:8      | Found a white marble altar of Elyvilon.
  7537 | D:8      | Fell from the grace of the Shining One
  7537 | D:8      | Became a worshipper of Elyvilon the Healer
  7537 | D:8      | Reached * piety under Elyvilon
  8133 | D:8      | Reached ** piety under Elyvilon
  8223 | D:8      | Noticed a two-headed ogre
  8238 | D:8      | Mangled by a two-headed ogre

Levels and vault maps discovered:
D:1:      psy_arrival_basics, layout_loops_cross, chequers_serial_rivers_micro_c
D:2:      layout_rooms
D:3:      layout_rooms, grunt_temple_overflow_diamond, gup_sewer_entry_pipe,
          first_ration, grunt_ministairs_6, kennysheep_pointless_box
D:4:      layout_basic, minmay_temple_entry_mist, serial_shops, kennysheep_mini,
          shop_fountains, shop, shop, nicolae_ossuary_entry_monument,
          okawaru_metal_pillars_1_2, uniq_menkaure
D:5:      layout_basic, overflow_temple_1_default, serial_shops, shop_statue,
          chequers_big_river, lemuel_altar_in_water
D:6:      layout_rooms, lemuel_doored_altar, hangedman_abyss_or_decor_slice
D:7:      layout_cave_pods, kennysheep_mini_moat
D:8:      layout_loops_ring, lemuel_crystal_altar, marbit_many_paths,
          dpeg_lair_monsters, enter_bailey_3, grunt_ogre_cave, minivault_14,
          uniq_pikel
Temple:   dshaligram_water_room_temple
Sewer:    sewer_frog_island_01
Ossuary:  ossuary_zaba_flooded

Skill      XL: |  1  2  3  4  5  6  7  8  9 10 |
---------------+-------------------------------+-----
Fighting       | 4 5 6 9 10 12 | 12.1
Axes           | 3 4 5 6 8 10 12 | 12.1
Invocations    | 9 10 | 10.8
Armour         | |  3.2
Shields        | |  3.2

Action                   |  1- 3 |  4- 6 |  7- 9 | 10-12 || total
-------------------------+-------+-------+-------+-------++-------
Melee: War axe           |   137 |   194 |   353 |   122 ||   806
Invok: Divine Shield     |       |       |     1 |     1 ||     2
  Use: Scroll            |       |       |    12 |     2 ||    14
       Potion            |       |       |       |     1 ||     1
  Eat: Chunk             |     1 |     4 |    10 |     3 ||    18
       Ration            |       |       |     1 |     1 ||     2
Armor: Scale mail        |    33 |       |       |       ||    33
       Chain mail        |    41 |   121 |    57 |       ||   219
       Plate armour      |       |       |   118 |    29 ||   147
Dodge: Dodged            |    50 |    59 |    51 |    14 ||   174
Block: Shield            |    70 |   121 |   137 |    47 ||   375

Table legend:
 A = Non-vault XP
 B = Vault XP
 C = Vault XP percentage of total XP
 D = Non-vault monster count
 E = Vault monster count
 F = Vault count percentage of total count
                 A         B        C        D         E       F
            +---------+---------+-------+---------+---------+-------
      Total |    3883 |    4678 |  54.6 |     150 |      69 |  31.5
            +---------+---------+-------+---------+---------+-------
        D:1 |      57 |       0 |   0.0 |      33 |       0 |   0.0
        D:2 |      45 |       0 |   0.0 |      17 |       0 |   0.0
        D:3 |      22 |      13 |  37.1 |      12 |       6 |  33.3
        D:4 |     159 |     169 |  51.5 |      17 |       1 |   5.6
        D:5 |     386 |       0 |   0.0 |      11 |       0 |   0.0
        D:6 |     895 |       0 |   0.0 |      21 |       0 |   0.0
        D:7 |    1316 |    1733 |  56.8 |      25 |       2 |   7.4
        D:8 |    1003 |    1783 |  64.0 |      14 |      13 |  48.1
      Sewer |       0 |     225 | 100.0 |       0 |      15 | 100.0
    Ossuary |       0 |     755 | 100.0 |       0 |      32 | 100.0
            +---------+---------+-------+---------+---------+-------
